AoeStats
← Hammurabi

Arena

506201578Analyzed
4v4 RM · 20d ago on Sep 12, 2026· 41m 46s· 8 players
Game mode
Random Map
Map size
Large (8 player)
Population
200
Speed
Normal
Resources
Standard
Victory
Conquest
Starting age
Dark Age
Ending age
Imperial Age
RankedLock teamsTeams togetherTeam positionsShared explorationLock speedFull tech treeHidden civsTurbo modeCheats
Victory
Defeat
🇧🇷 Hindustanis · Brazil
1080
+14
🇹🇼 Maya · Taiwan
1073
+14
🇩🇪 Britons · Germany
1000
+17
🇩🇪 Lithuanians · Germany
961
+20
🇨🇴 Magyars · Colombia
1064
-17
🇨🇴 Ethiopians · Colombia
1026
-16
🇦🇷 Gurjaras · Argentina
1024
-16
🇨🇱 Huns · Chile
1022
-16
Slade One
11:10 Feudal Age
15:40 Castle Age
13:27 Horse Collar
13:47 Double-Bit Axe
16:52 Bow Saw
16:50 Heavy Plow
18:39 Wheelbarrow
21:09 Hand Cart
21:08 Stone Mining
25:43 Gold Mining
29:00 Imperial Age
26:29 Loom
26:30 Town Watch
27:32 Husbandry
27:43 Bloodlines
27:40 Marauders
28:31 Gold Shaft Mining
28:25 Forging
28:21 Scale Barding Armor
30:12 Iron Casting
29:12 Elite Tarkan
30:12 Conscription
30:25 Chain Barding Armor
31:55 Two-Man Saw
32:57 Blast Furnace
32:47 Plate Barding Armor
drampf
10:32 Feudal Age
14:41 Castle Age
25:28 Wheelbarrow
26:30 Horse Collar
27:09 Forging
30:05 Imperial Age
27:22 Crossbowman
28:09 Thumb Ring
28:40 Gold Mining
28:52 Fletching
29:02 Padded Archer Armor
30:24 Ballistics
30:36 Bodkin Arrow
32:18 Chemistry
31:59 Arbalester
34:04 Bracer
34:31 Caravan
36:42 Leather Archer Armor
36:47 Squires
37:43 Fortified Wall
38:53 Halberdier
39:41 Scale Mail Armor
40:20 Iron Casting
Moscato
11:08 Feudal Age
13:25 Double-Bit Axe
17:08 Castle Age
16:35 Horse Collar
32:13 Imperial Age
31:47 Forging
31:43 Gold Mining
32:36 Wheelbarrow
31:47 Town Watch
32:46 Bloodlines
33:11 Ballistics
33:48 Iron Casting
34:19 Heavy Camel Rider
36:25 Scale Barding Armor
37:32 Chain Barding Armor
mauriciorua26
0:28 Loom
13:08 Feudal Age
17:09 Castle Age
14:56 Double-Bit Axe
15:02 Horse Collar
18:56 Wheelbarrow
19:03 Bow Saw
30:35 Imperial Age
29:06 Ballistics
28:39 Fletching
28:50 Padded Archer Armor
30:23 Gold Mining
30:37 Heavy Plow
30:56 Hand Cart
30:40 Bodkin Arrow
31:01 Leather Archer Armor
33:01 Recurve Bow
33:35 Parthian Tactics
34:44 Chemistry
33:58 Thumb Ring
colafantahunter
11:07 Feudal Age
12:04 Double-Bit Axe
12:02 Horse Collar
17:49 Castle Age
16:12 Stone Mining
19:36 Heavy Plow
19:49 Bow Saw
24:30 Wheelbarrow
26:30 Hand Cart
28:46 Fletching
28:57 Padded Archer Armor
29:09 Gold Mining
30:23 Town Watch
30:24 Loom
31:39 Gold Shaft Mining
34:27 Imperial Age
32:59 Yeomen
32:53 Caravan
33:13 Bodkin Arrow
33:34 Leather Archer Armor
33:58 Masonry
33:59 Fortified Wall
34:12 Ballistics
35:15 Town Patrol
36:17 Chemistry
35:49 Architecture
35:21 Bracer
35:52 Ring Archer Armor
36:18 Elite Longbowman
37:19 Conscription
Led
10:47 Feudal Age
14:51 Castle Age
12:50 Double-Bit Axe
12:47 Horse Collar
16:11 Bow Saw
16:12 Heavy Plow
19:51 Wheelbarrow
19:29 Gold Mining
24:27 Hand Cart
25:11 Town Watch
29:02 Imperial Age
27:10 Scale Barding Armor
27:17 Forging
28:17 Bloodlines
28:11 Husbandry
28:32 Chain Barding Armor
28:41 Town Patrol
29:15 Heavy Camel Rider
30:32 Plate Barding Armor
30:33 Iron Casting
31:01 Chemistry
31:17 Gold Shaft Mining
30:34 Stone Mining
31:42 Ballistics
32:23 Imperial Camel Rider
37:11 Two-Man Saw
37:13 Fortified Wall
40:08 Blast Furnace
41:39 Conscription
Hammurabi
11:13 Feudal Age
10:28 Loom
15:38 Castle Age
14:18 Double-Bit Axe
18:06 Wheelbarrow
23:04 Horse Collar
24:51 Bloodlines
25:41 Scale Barding Armor
26:29 Heavy Plow
26:41 Bow Saw
27:13 Forging
28:14 Gold Mining
29:50 Chain Barding Armor
29:32 Husbandry
32:12 Hand Cart
34:39 Imperial Age
33:46 Iron Casting
34:55 Cavalier
36:12 Plate Barding Armor
37:02 Paladin
40:52 Two-Man Saw
40:25 Crop Rotation
Cann
0:36 Loom
10:19 Feudal Age
15:20 Castle Age
13:30 Double-Bit Axe
13:37 Stone Mining
14:25 Horse Collar
17:31 Gold Mining
18:26 Wheelbarrow
27:04 Imperial Age
25:10 Fletching
25:44 Hand Cart
25:33 Heavy Plow
26:40 Scale Mail Armor
26:51 Forging
28:29 Chain Mail Armor
28:49 Iron Casting
29:05 Bow Saw
29:42 Conscription
30:13 Holcans
30:04 Squires
29:29 Eagle Warrior
31:49 Plate Mail Armor
33:30 Blast Furnace
32:52 Arson
32:51 Elite Eagle Warrior
Connection lost

Rejoining the realm…

Still unreachable

The connection could not be restored.

Session expired

The server has moved on; the page needs a fresh start.